 Dungeon Crawl Stone Soup version 0.27-a0-1308-gc08437e49b (webtiles) character file.

Game seed: 7412736910529594703

5 bilbop the Caller (level 1, -1/13 HPs)
             Began as a Palentonga Summoner on June 18, 2021.
             Slain by a quokka (3 damage)
             ... on level 2 of the Dungeon.
             The game lasted 00:03:43 (598 turns).

bilbop the Caller (Palentonga Summoner)              Turns: 598, Time: 00:03:43

Health: -1/13      AC:  4    Str: 11    XL:     1   Next: 66%
Magic:  1/3        EV:  9    Int: 15    God:
Gold:   0          SH:  0    Dex: 10    Spells: 3/4 levels left

rFire    . . .     SeeInvis +   (no weapon)
rCold    . . .     Faith    .   (no shield)
rNeg     . . .     Spirit   .   a - +0 robe
rPois    .         Reflect  .   (no helmet)
rElec    .         Harm     .   (no cloak)
rCorr    .         Rampage  .   (no gloves)
Will     .....                  (no barding)
Stlth    +.........             (no amulet)
HPRegen  0.04/turn              (no ring)
MPRegen  0.08/turn              (no ring)

@: no status effects
A: large, rugged brown scales 3, see invisible, deformed body, roll 1, armoured
tail
a: Rolling Charge


You were on level 2 of the Dungeon.
You visited 1 branch of the dungeon, and saw 2 of its levels.

Inventory:

Missiles
 f - a throwing net
Armour
 a - a +0 robe (worn)
Scrolls
 d - a scroll of identify {unknown}
Potions
 b - a potion of lignification {unknown}
 c - a potion of brilliance {unknown}
 e - a potion of curing {unknown}


   Skills:
 + Level 1.6 Dodging
 + Level 1.3 Stealth
 + Level 2.1 Spellcasting
 + Level 3.3 Summonings


You had 3 spell levels left.
You knew the following spells:

 Your Spells              Type           Power      Damage    Failure   Level
a - Summon Small Mammal   Summ           44%        N/A       5%          1

Your spell library contained the following spells:

 Spells                   Type           Power      Damage    Failure   Level
 Call Imp                 Summ           11%        N/A       9%          2
 Call Canine Familiar     Summ           11%        N/A       17%         3
 Summon Guardian Golem    Hex/Summ       6%         N/A       32%         3
 Summon Ice Beast         Ice/Summ       6%         N/A       73%         4
 Summon Lightning Spire   Summ/Air       6%         N/A       73%         4


Dungeon Overview and Level Annotations

Branches:
Dungeon (2/15)

Altars:


Innate Abilities, Weirdness & Mutations

You are completely covered in rugged brown scales. (AC +3, +7% HP)
You have supernaturally acute eyesight. (SInv)
Armour fits poorly on your strangely shaped body.
You can roll at nearby foes to attack.
You have a long armoured tail.


Message History

The quokka bites you.
You hit the quokka.
The quokka is lightly wounded.
The bat misses your bat.
Your bat hits the bat.
The bat dies!
The quokka closely misses you. x2
You closely miss the quokka.
Your bat closely misses the quokka.
The quokka barely misses you.
You hit the quokka but do no damage.
Your tail-slap misses the quokka.
Your bat closely misses the quokka.
The quokka barely misses you.
Your bat closely misses the quokka.
You closely miss the quokka.
Your bat barely misses the quokka.
The quokka misses you.
You hit the quokka.
The quokka is moderately wounded.
Your bat hits the quokka but does no damage.
The quokka bites you.
You hit the quokka but do no damage.
The quokka is moderately wounded.
Your bat hits the quokka but does no damage.
The quokka bites you but does no damage.
Your bat hits the quokka but does no damage.
The quokka bites you but does no damage.
You closely miss the quokka.
The quokka is moderately wounded.
Your bat hits the quokka but does no damage.
The quokka barely misses you.
You barely miss the quokka.
The quokka is moderately wounded.
Your bat hits the quokka but does no damage.
The quokka barely misses you.
You hit the quokka.
Your tail-slap misses the quokka.
The quokka is severely wounded.
Your bat hits the quokka but does no damage.
The quokka bites you.
* * * LOW HITPOINT WARNING * * *
You closely miss the quokka.
The quokka is severely wounded.
The quokka bites you.
You die...

#.
#.#####
#.....#
#.....#
#.....#
#.#.....#
....†.r.#
#..b@#
#.....#
#.....#
#.....#
.......#
#.###...#
# ###.#
#.#


You could see a quokka (ally target) and a friendly bat (summoned).

Vanquished Creatures
  A quokka (D:1)
  A rat (D:1)
2 creatures vanquished.

Vanquished Creatures (collateral kills)
  An endoplasm (D:1)
  A quokka (D:1)
  A ball python (D:1)
  2 bats
  A frilled lizard (D:1)
6 creatures vanquished.

Grand Total: 8 creatures vanquished

Notes
Turn   | Place    | Note
-------+----------+-------------------------------------------
     0 | D:1      | bilbop the Palentonga Summoner began the quest for the Orb.
     0 | D:1      | Reached XP level 1. HP: 13/13 MP: 3/3
   387 | D:1      | Found a faded altar of an unknown god.
   598 | D:2      | Slain by a quokka

Illustrated notes

Levels and vault maps discovered:
D:1:      dpeg_arrival_circle_labyrinth_c, layout_rooms,
          shapermc_ecumenical_altar_gd, minmay_misc_feat_iff
D:2:      layout_basic, basic_altar, grunt_decor_arrowhead,
          minmay_three_crescents, uniq_natasha, uniq_jessica

Action                   || total
-------------------------++-------
Melee: Unarmed           ||    19
       Tailslap          ||     1
 Cast: Summon Small Mamm ||    19
Armor: Robe              ||     7
Dodge: Dodged            ||    16

Table legend: (Time is in decaauts)
 A = Elapsed time spent in this place.
 B = Non-inter-level travel time spent in this place.
 C = Inter-level travel time spent in this place.
 D = Time resting spent in this place.
 E = Time spent auto-exploring this place.
 F = Levels seen in this place.
 G = Mean time per level.
                   A        B        C        D        E       F      G
               +--------+--------+--------+--------+--------+-----+--------+
         Total |    597 |    595 |      2 |     81 |    417 |   2 |  298.5 |
       Dungeon |    597 |    595 |      2 |     81 |    417 |   2 |  298.5 |
               +--------+--------+--------+--------+--------+-----+--------+

Top non-repeatable levels by time:
     D:1: 577 daAuts
     D:2: 20 daAuts
